 Dungeon Sprint DCSS version 0.21-a0-272-g984ae92 (webtiles) character file.

21907 potatolord6000 the Severer (level 12, -2/129 HPs)
             Began as a Hill Orc Monk on Sept 15, 2017.
             Was the Champion of Beogh.
             Slain by Joseph
             ... wielding a +0 quarterstaff
              (8 damage)
             ... in the Dungeon (Sprint VII: "The Pits").
             The game lasted 00:19:04 (2553 turns).

potatolord6000 the Severer (Hill Orc Monk)          Turns: 2553, Time: 00:19:05

Health: -2/129     AC:  4    Str: 19    XL:     12   Next: 94%
Magic:  2/25       EV: 11    Int: 17    God:    Beogh [******]
Gold:   13         SH:  0    Dex: 13    Spells: 11/11 levels left

rFire    + . .     SeeInvis .   t - +2 war axe of the Eggplant {flame, rF+ Int+7}
rCold    . . .     Gourm    .   (no shield)
rNeg     . . .     Faith    .   v - +3 plate armour
rPois    .         Spirit   .   (no helmet)
rElec    .         Reflect  .   (no cloak)
rCorr    .         Harm     .   f - +0 pair of gloves
MR       .....     NoTele   +   z - +1 pair of boots {run}
Stlth    ..........             (no amulet)
HPRegen  0.31/turn              b - +3 ring of protection
MPRegen  0.19/turn              p - +3 ring of evasion

@: corroded, quick
A: walk on water
a: Smiting, Recall Orcish Followers, Give Item to Named Follower, Resurrection,
Renounce Religion


You were in the Dungeon.
You worshipped Beogh.
Beogh was exalted by your worship.
You were not hungry.

You visited 1 branch You collected 13 gold pieces.

Inventory:

Hand Weapons
 t - the +2 war axe of the Eggplant (weapon) {flame, rF+ Int+7}
   (You found it in the Dungeon)

   It has been specially enchanted to burn those struck by it, causing extra
   injury to most foes and up to half again as much damage against particularly
   susceptible opponents.
   Big, fiery blades are also staple armaments of hydra-hunters.
   It affects your intelligence (+7).
   It protects you from fire.
 u - a +2 scimitar of holy wrath
Armour
 f - a +0 pair of gloves (worn)
 v - a +3 plate armour (worn)
 w - a +3 plate armour
 x - a +4 scale mail
 z - a +1 pair of boots of running (worn)
Jewellery
 b - a +3 ring of protection (left hand)
 p - a +3 ring of evasion (right hand)
Scrolls
 g - 4 scrolls of enchant weapon
 k - 9 scrolls of remove curse
 l - 5 scrolls of amnesia
 s - a scroll of recharging
 y - 4 scrolls of identify
Potions
 a - a potion of invisibility
 d - a potion of curing
 h - 3 potions of berserk rage
Comestibles
 c - 8 bread rations
 n - 40 fruits
 o - 8 meat rations
 A - a royal jelly


   Skills:
 + Level 18.9 Fighting
 + Level 20.2 Axes
 + Level 17.2 Armour
 - Level 2.4 Dodging
 - Level 1.5 Stealth
 + Level 19.9 Invocations


You had 11 spell levels left.
You didn't know any spells.

Dungeon Overview and Level Annotations

Branches:
Dungeon (1/1)

Altars:
Ashenzari
Cheibriados
Dithmenos
Elyvilon
Fedhas
Gozag
Hepliaklqana
Kikubaaqudgha
Makhleb
Nemelex Xobeh
Okawaru
Qazlal
Ru
Sif Muna
Trog
Uskayaw
Vehumet
Wu Jian
Xom
Yredelemnul
Zin
The Shining One
Beogh
Jiyva
Lugonu

Annotations:
D Joseph


Message History

The dire elephant completely misses your orc warrior.
Your orc warrior no longer looks unusually strong.
Your orc warrior hits the dire elephant but does no damage.
Your orc knight hits the dire elephant from afar with a glaive!!!
Warrok hits the freezing wraith with the +2 morningstar of Uschyrezy {drain, +Blink rPois}!
The freezing wraith hits Warrok!
The freezing wraith freezes Warrok!
The freezing wraith hits Warrok!
Warrok dies!
The insubstantial wisp hits your orc knight.
The dire elephant tramples you!
* * * LOW HITPOINT WARNING * * *
You hold your ground!
The dire elephant trunk-slaps you.
* * * LOW HITPOINT WARNING * * *
You see here a mace.
Your plate armour prevents you from hitting the dire elephant.
The dire elephant is severely wounded.
You barely miss Joseph.
Your orc warrior hits the dire elephant!
Joseph hits you with a quarterstaff!
You die...

#......... #.........
+..#....#. +.........
#.........
###############..#....#.
.......o.v...''........(
......Y@o....''.........
########@##..##..#....#.
#)#W#..##.o.......
#)#o##..##...((.)..
#o#o#W#..####'(####+
#G#.# ##..####('####+
#i#.# #..##))(...##.
#### #..##.#(##.##. #
#.#()'.##.


You could see a dire elephant, Joseph, a freezing wraith, an insubstantial wisp,
a friendly orc knight and a friendly orc warrior.

Vanquished Creatures
  A greater mummy (D)
  A balrug (D)
  An emperor scorpion (D)
  A black draconian (D)
  A fire dragon (D)
  Josephine (D)
  An anaconda (D)
  A sun demon (D)
  A flayed ghost (D)
  A lindwurm (D)
  2 deep elf magi (D)
  An elephant (D)
  A molten gargoyle (D)
  A rust devil (D)
  A black mamba (D)
  2 smoke demons (D)
  A gargoyle (D)
  An orange demon (D)
  A komodo dragon (D)
  A kobold demonologist (D)
  An efreet (D)
  A freezing wraith (D)
  A rime drake (D)
  An ice devil (D)
  2 jumping spiders (D)
  A wandering mushroom (D)
  2 flying skulls (D)
  2 fire bats (D)
  A tarantella (D)
  2 wraiths (D)
  2 hungry ghosts (D)
  A neqoxec (D)
  An acid dragon (D)
  A hell hound (D)
  A floating eye (D)
  An orc warrior (D)
  A necrophage (D)
  2 wolves (D)
  A big kobold (D)
  3 gnoll sergeants (D)
  A quasit (D)
  An orc priest (D)
  An iguana (D)
  2 orc wizards (D)
  A worker ant (D)
  6 gnolls (D)
  4 oozes (D)
  An adder skeleton (D)
  2 giant cockroaches (D)
  A goblin (D)
  6 jackals (D)
  A quokka (D)
  A jackal zombie (D)
  A kobold (D)
  A leopard gecko skeleton (D)
80 creatures vanquished.

Vanquished Creatures (collateral kills)
  Rupert (D)
  An emperor scorpion (D)
  A merfolk javelineer (D)
  A death knight (D)
  An iron troll (D)
  A deep troll (D)
  A smoke demon (D)
  An orange demon (D)
  2 rime drakes (D)
  A hellwing (D)
  A wind drake (D)
  A merfolk (D)
  A red devil (D)
  A tyrant leech (D)
  A bog body (D)
  A flying skull (D)
  A wraith (D)
  A redback (D)
  A chaos spawn (D)
  A warg (D)
  2 wolves (D)
  An orc priest (D)
  An iguana (D)
  A hell rat (D)
  5 gnolls (D)
  A frilled lizard (D)
  A kobold (D)
33 creatures vanquished.

Vanquished Creatures (others)
  4 orc knights (D)
  A spriggan berserker (D)
  An orc warrior (D)
  2 orcs (D)
  A bat zombie (D)
9 creatures vanquished.

Grand Total: 122 creatures vanquished

Notes
Turn   | Place    | Note
-------+----------+-------------------------------------------
     0 | D        | potatolord6000 the Hill Orc Monk began the quest for the Orb.
     0 | D        | Reached XP level 1. HP: 19/19 MP: 1/1
    13 | D        | Reached skill level 1 in Armour
    58 | D        | Found a bloodstained altar of Trog.
    58 | D        | Found a deep blue altar of Sif Muna.
    58 | D        | Found a viscous altar of Jiyva.
    58 | D        | Found a hazy altar of Hepliaklqana.
    58 | D        | Found an opulent altar of Gozag.
    59 | D        | Found a glowing golden altar of the Shining One.
    59 | D        | Found a glowing silver altar of Zin.
    59 | D        | Found a basalt altar of Yredelemnul.
    59 | D        | Found a shimmering altar of Xom.
    59 | D        | Found an ornate altar of the Wu Jian Council.
    59 | D        | Found a sacrificial altar of Ru.
    59 | D        | Found a stormy altar of Qazlal.
    59 | D        | Found an iron altar of Okawaru.
    59 | D        | Found a sparkling altar of Nemelex Xobeh.
    59 | D        | Found a burning altar of Makhleb.
    59 | D        | Found a blossoming altar of Fedhas.
    59 | D        | Found a white marble altar of Elyvilon.
    59 | D        | Found a shadowy altar of Dithmenos.
    59 | D        | Found a snail-covered altar of Cheibriados.
    61 | D        | Found a radiant altar of Vehumet.
    61 | D        | Found a corrupted altar of Lugonu.
    61 | D        | Found a roughly hewn altar of Beogh.
    63 | D        | Found an ancient bone altar of Kikubaaqudgha.
    63 | D        | Found a hide-covered altar of Uskayaw.
    63 | D        | Found a shattered altar of Ashenzari.
    71 | D        | Became a worshipper of Beogh the Brigand
    71 | D        | Reached * piety under Beogh
    71 | D        | Reached ** piety under Beogh
    99 | D        | Reached skill level 5 in Axes
    99 | D        | Reached skill level 1 in Invocations
    99 | D        | Reached XP level 2. HP: 28/28 MP: 2/2
   108 | D        | Reached *** piety under Beogh
   118 | D        | Reached skill level 5 in Fighting
   122 | D        | Reached XP level 3. HP: 36/36 MP: 4/4
   122 | D        | Reached skill level 6 in Axes
   124 | D        | Reached **** piety under Beogh
   128 | D        | Reached XP level 4. HP: 44/44 MP: 4/7
   212 | D        | Noticed a fire bat
   213 | D        | Noticed a gnoll sergeant
   213 | D        | Noticed a hungry ghost
   213 | D        | Noticed an orc warrior
   213 | D        | Noticed a big kobold
   214 | D        | Killed a fire bat
   214 | D        | Reached skill level 8 in Axes
   214 | D        | Reached XP level 5. HP: 53/53 MP: 7/10
   215 | D        | Reached XP level 6. HP: 61/61 MP: 4/11
   218 | D        | Killed a hungry ghost
   218 | D        | Reached skill level 9 in Axes
   221 | D        | Reached skill level 10 in Axes
   222 | D        | Reached XP level 7. HP: 65/70 MP: 9/13
   228 | D        | Reached ***** piety under Beogh
   231 | D        | Reached skill level 10 in Fighting
   420 | D        | Noticed a rime drake
   424 | D        | Killed a rime drake
   424 | D        | Reached skill level 11 in Axes
   424 | D        | Reached skill level 10 in Invocations
   476 | D        | Noticed a flying skull
   484 | D        | Paralysed by a floating eye for 3 turns
   489 | D        | Reached XP level 8. HP: 42/81 MP: 14/16
   496 | D        | Killed a flying skull
   496 | D        | Reached skill level 12 in Axes
   715 | D        | Noticed a smoke demon
   715 | D        | Noticed a smoke demon
   717 | D        | Killed a smoke demon
   717 | D        | Reached skill level 10 in Armour
   719 | D        | Killed a smoke demon
   719 | D        | Reached skill level 13 in Axes
   719 | D        | Reached XP level 9. HP: 77/90 MP: 7/18
   753 | D        | Got the +2 war axe of the Eggplant {flame, rF+ Int+7}
   758 | D        | Got the +2 morningstar of Uschyrezy {drain, +Blink rPois}
   862 | D        | Noticed an orc knight
  1115 | D        | Noticed an orange demon
  1124 | D        | Killed an orange demon
  1141 | D        | Noticed a flayed ghost
  1141 | D        | Noticed a black mamba
  1143 | D        | Killed a flayed ghost
  1143 | D        | Reached skill level 14 in Axes
  1147 | D        | Killed a black mamba
  1226 | D        | Reached ****** piety under Beogh
  1240 | D        | Noticed a deep troll
  1243 | D        | Killed a deep troll
  1357 | D        | Reached XP level 10. HP: 102/102 MP: 20/20
  1462 | D        | Reached skill level 15 in Axes
  1470 | D        | Noticed a gargoyle
  1473 | D        | Killed a gargoyle
  1474 | D        | Noticed a kobold demonologist
  1477 | D        | Killed a kobold demonologist
  1480 | D        | Reached skill level 15 in Invocations
  1624 | D        | Noticed an elephant
  1626 | D        | Noticed an orange demon
  1627 | D        | Noticed a lindwurm
  1627 | D        | Killed an elephant
  1629 | D        | Noticed a deep elf mage
  1630 | D        | Killed a lindwurm
  1630 | D        | Reached skill level 16 in Axes
  1632 | D        | Killed a deep elf mage
  1632 | D        | Reached skill level 15 in Fighting
  1634 | D        | Killed an orange demon
  1634 | D        | Reached XP level 11. HP: 105/112 MP: 7/22
  1705 | D        | Noticed an anaconda
  1712 | D        | Killed an anaconda
  1712 | D        | Reached skill level 17 in Axes
  1779 | D        | Identified a +1 pair of boots of running (You found it in the Dungeon)
  1896 | D        | Gained Warrok as an ally
  1983 | D        | Noticed a deep elf mage
  1988 | D        | Killed a deep elf mage
  2050 | D        | Noticed a sun demon
  2052 | D        | Killed a sun demon
  2055 | D        | Reached skill level 15 in Armour
  2129 | D        | Noticed a black draconian
  2129 | D        | Noticed a balrug
  2129 | D        | Noticed a spriggan berserker
  2129 | D        | Noticed a greater mummy
  2129 | D        | Noticed an emperor scorpion
  2129 | D        | Noticed a merfolk javelineer
  2132 | D        | Noticed a death scarab
  2133 | D        | Noticed a death scarab
  2134 | D        | Noticed a death scarab
  2137 | D        | Killed a balrug
  2137 | D        | Reached skill level 18 in Axes
  2146 | D        | Noticed a death scarab
  2148 | D        | Killed a spriggan berserker
  2149 | D        | Noticed a death scarab
  2150 | D        | Noticed a death scarab
  2153 | D        | Noticed a death scarab
  2153 | D        | Noticed a death scarab
  2153 | D        | Noticed a death scarab
  2154 | D        | Noticed a death scarab
  2161 | D        | Noticed a death scarab
  2163 | D        | Killed a black draconian
  2176 | D        | Killed a greater mummy
  2176 | D        | Reached skill level 19 in Axes
  2176 | D        | Reached XP level 12. HP: 40/127 MP: 2/25
  2176 | D        | Noticed a soul eater
  2180 | D        | Killed an emperor scorpion
  2182 | D        | Killed a merfolk javelineer
  2490 | D        | Noticed a fire dragon
  2493 | D        | Killed a fire dragon
  2494 | D        | Noticed Josephine
  2497 | D        | Killed Josephine
  2507 | D        | Noticed an emperor scorpion
  2521 | D        | Noticed a death knight
  2528 | D        | Killed a death knight
  2534 | D        | Killed an emperor scorpion
  2534 | D        | Reached skill level 20 in Axes
  2537 | D        | Noticed Rupert
  2537 | D        | Noticed an iron troll
  2538 | D        | Killed Rupert
  2544 | D        | Noticed a dire elephant
  2550 | D        | Killed an iron troll
  2551 | D        | Noticed Joseph
  2552 | D        | Your ally Warrok died
  2552 | D        | HP: 5/129 [dire elephant[a spriggan druid] (6)]
  2553 | D        | Slain by Joseph

Vault maps used:
D:        pitsprint

Skill      XL: |  1  2  3  4  5  6  7  8  9 10 11 12 |
---------------+-------------------------------------+-----
Armour         | 2 3 4 6 7 9 10 12 13 16 17 | 17.2
Fighting       | 4 5 6 7 8 9 10 12 13 15 17 18 | 18.9
Axes           | 5 6 8 10 11 13 14 16 19 20 | 20.2
Invocations    | 1 2 4 6 7 9 10 12 14 15 18 19 | 19.9
Dodging        | |  2.4
Stealth        | |  1.5

Action                   |  1- 3 |  4- 6 |  7- 9 | 10-12 || total
-------------------------+-------+-------+-------+-------++-------
Melee: Hand axe          |    35 |       |    41 |       ||    76
       War axe           |       |       |    20 |   120 ||   140
Invok: Smiting           |       |     6 |    14 |    46 ||    66
       Give Item to Name |       |       |       |     1 ||     1
       Recall Orcish Fol |       |       |       |     1 ||     1
  Use: Potion            |     2 |     2 |     2 |    32 ||    38
       Scroll            |       |       |       |     3 ||     3
 Stab: Sleeping          |     3 |       |       |       ||     3
       Distracted        |       |       |       |     1 ||     1
       Invisible         |       |       |       |     1 ||     1
  Eat: Meat ration       |       |       |     2 |       ||     2
Armor: Robe              |     4 |       |       |       ||     4
       Chain mail        |       |     6 |    13 |       ||    19
       Plate armour      |       |       |    22 |   138 ||   160
Dodge: Dodged            |    16 |     3 |    29 |   135 ||   183

Table legend:
 A = Spawn XP
 B = Non-spawn XP
 C = Spawn XP percentage of total XP
 D = Spawn monster count
 E = Non-spawn monster count
 F = Spawn count percentage of total count
 G = Total turns spent on level
                    A         B        C        D         E        F      G
               +---------+---------+-------+---------+---------+-------+---------
         Total |       0 |   31296 |   0.0 |       0 |     115 |   0.0 |  2553
               +---------+---------+-------+---------+---------+-------+---------
             D |       0 |   31296 |   0.0 |       0 |     115 |   0.0 |  2553
               +---------+---------+-------+---------+---------+-------+---------
